Map: Tours du crépuscule

Players

Rychu - Winner!

  • Race: Zerg Zerg
  • League: Silver
  • Spawn Location: 7:00

zidar

  • Race: Zerg Zerg
  • League: Silver
  • Spawn Location: 1:00

VOD

Have the link to the VOD?

Description

Time

  • Played on: Feb. 5, 2016, 1:28 p.m.
  • Length: 9:35
Show
View Real Time Build Order
Export as new Build Order

Rychu Zerg - Winner!

Build Orders: Pool First 

Get SALT Encoding   

  12  0:02  Drone  
  13  0:10  Drone  
  14  0:20  Overlord  
  14  0:34  Spawning Pool  
  13  0:37  Drone  
  13  0:41  Drone  
  15  0:45  Drone  
  16  0:57  Overlord  
  16  1:03  Drone  
  17  1:20  Queen  
  19  1:28  Zergling x4  
  21  1:40  Drone  
  21  1:43  Evolution Chamber  
  21  1:49  Hatchery  
  20  1:54  Drone  
  20  1:55  Drone  
  22  2:09  Extractor  
  22  2:11  Extractor  
  22  2:14  Zergling x2  
  21  2:24  Drone  
  21  2:27  Drone  
  21  2:29  Drone  
  24  2:31  Drone x2  
  24  2:34  Queen  
  28  2:38  Drone  
  30  2:51  Zergling x2  
  30  3:01  Overlord  
  30  3:08  Drone  
  30  3:09  Drone x2  
  33  3:13  Drone x2  
  35  3:20  Metabolic Boost  
  35  3:28  Evolution Chamber  
  35  3:30  Queen  
  35  3:32  Drone x2  
  38  3:38  Zerg Melee Weapons Level 1  
  38  3:42  Zergling x2  
  38  3:46  Zergling x6  
  42  3:54  Zerg Ground Armor Level 1  
  42  3:58  Zergling x4  
  44  4:02  Overlord  
  44  4:20  Overlord  
  45  4:24  Zergling x8  
  45  4:25  Zergling x6  
  51  4:44  Zergling x8  
  51  4:45  Zergling x6  
  58  4:55  Lair  
  58  5:04  Evolution Chamber  
  57  5:09  Roach Warren  
  56  5:20  Drone x2  
  56  5:21  Drone x2  
  60  5:23  Overlord  
  60  5:24  Overlord  
  57  6:01  Hydralisk Den  
  57  6:02  Infestation Pit  
  57  6:04  Roach x7  
  63  6:05  Roach x2  
  71  6:40  Hive  
  58  6:56  Hydralisk  
  58  6:57  Hydralisk x5  
  64  7:15  Hydralisk x2  
  64  7:35  Hydralisk  
  64  7:36  Hydralisk x2  
  70  7:53  Zergling x2  
  70  7:54  Zergling x10  
  76  8:13  Extractor  
  76  8:14  Zergling x2  
  76  8:18  Extractor  
  75  8:30  Ultralisk Cavern  
  75  8:31  Drone x2  
  75  8:34  Overlord x5  
  54  8:55  Zergling x2  
  54  8:56  Zergling x14  
  54  9:10  Zergling x4  
  54  9:11  Zergling x6  
Show
View Real Time Build Order
Export as new Build Order

zidar Zerg 

Build Orders: Pool First 

Get SALT Encoding   

  12  0:02  Drone  
  13  0:12  Overlord  
  13  0:17  Drone  
  14  0:30  Drone x2  
  14  0:34  Drone  
  17  0:50  Spawning Pool  
  17  0:52  Drone  
  17  0:57  Extractor, Drone  
  17  1:20  Hatchery  
  16  1:26  Drone  
  16  1:29  Drone  
  18  1:39  Queen  
  20  1:53  Zergling x4  
  22  1:57  Overlord  
  21  2:03  Metabolic Boost  
  21  2:14  Zergling x2  
  22  2:33  Roach Warren  
  21  2:37  Queen  
  23  2:48  Extractor  
  23  2:51  Evolution Chamber  
  21  2:54  Zergling x2  
  21  2:55  Zergling x6  
  25  2:59  Drone  
  25  3:02  Drone  
  27  3:07  Drone  
  27  3:11  Drone  
  29  3:30  Roach x2  
  33  3:37  Overlord  
  33  3:47  Roach  
  35  3:57  Roach  
  35  3:58  Roach  
  39  4:16  Zerg Missile Weapons Level 1  
  39  4:21  Roach x2  
  43  4:26  Overlord  
  43  4:38  Overlord  
  43  4:54  Roach  
  43  4:55  Roach x2  
  49  5:01  Drone  
  50  5:09  Roach  
  50  5:12  Roach  
  54  5:28  Roach x2  
  56  5:30  Roach  
  58  5:52  Overlord x2  
  58  6:10  Roach x2  
  58  6:11  Roach x2  
  63  6:32  Roach  
  63  6:33  Roach x2  
  41  7:17  Roach  
  41  7:18  Roach x7  
  45  7:34  Drone x2  
  41  7:59  Zergling x2  
  41  8:00  Zergling x14  
  49  8:07  Roach  
  49  8:10  Roach  
  53  8:14  Roach  
  53  8:16  Roach  
  57  8:26  Roach x2  
  61  8:39  Overlord  
  37  9:03  Zergling x2  
  37  9:04  Zergling x16  
Tags
 
Add a new tag
Caveats
  • Supply blocks, unpowered buildings, or Contaminate may cause inaccurate times.
  • Supply counts are checked every 10 seconds.